 Dungeon Crawl Stone Soup version 0.19.5 (webtiles) character file.

80 McKennaii the Shield-Bearer (level 4, -2/40 HPs)
             Began as a Minotaur Fighter on May 2, 2017.
             Slain by a goblin
             ... wielding a +0 dagger
             ... led by Robin
              (3 damage)
             ... on level 2 of the Dungeon.
             The game lasted 00:01:43 (1102 turns).

McKennaii the Shield-Bearer (Minotaur Fighter)      Turns: 1102, Time: 00:01:44

Health: -2/40      AC: 11    Str: 21    XL:     4   Next: 18%
Magic:  3/3        EV:  4    Int:  5    God:
Gold:   53         SH:  9    Dex: 10    Spells: 0 memorised, 3 levels left

rFire  . . .     SeeInvis .     a - +0 long sword
rCold  . . .     Gourm    .     j - +0 plate armour
rNeg   . . .     Faith    .     c - +0 shield
rPois  .         Spirit   .     (helmet restricted)
rElec  .         Reflect  .     (no cloak)
rCorr  .         Harm     .     (no gloves)
MR     .....                    (no boots)
Stlth  ..........               (no amulet)
                                (no ring)
                                (no ring)

@: lethally poisoned (-2 -> -18)
A: retaliatory headbutt, horns 2
a: no special abilities


You were on level 2 of the Dungeon.
You were hungry.

You visited 1 branch of the dungeon, and saw 2 of its levels.

You collected 53 gold pieces.

Inventory:

Hand Weapons
 a - a +0 long sword (weapon)
Armour
 c - a +0 shield (worn)
 j - a +0 plate armour (worn)
Scrolls
 g - 2 scrolls of magic mapping {unknown}
 h - a scroll of identify {unknown}
 i - 2 scrolls of noise {unknown}
 n - 2 scrolls of teleportation {unknown}
 p - a scroll of recharging {unknown}
 r - 2 scrolls of remove curse {unknown}
 s - a scroll of random uselessness {unknown}
Potions
 b - a potion of flight {unknown}
 d - 3 potions of might
 e - a potion of invisibility {unknown}
 l - a potion of mutation {unknown}
 o - a potion of ambrosia {unknown}
Comestibles
 f - a bread ration
 k - a beef jerky
 m - 3 fruits
 q - a royal jelly
 t - a meat ration


   Skills:
 + Level 4.3 Fighting
 + Level 3.3 Long Blades
 + Level 4.2 Armour
 + Level 0.7 Dodging
 + Level 4.4 Shields


You had 3 spell levels left.
You didn't know any spells.

Dungeon Overview and Level Annotations

Branches:
Dungeon (2/15)

Altars:


Innate Abilities, Weirdness & Mutations

You reflexively headbutt those who attack you in melee.
You have a pair of horns on your head.


Message History

The goblin hits you.
* * * LOW HITPOINT WARNING * * *
The rat barely misses you. You furiously retaliate!
You headbutt the rat.
You kill the rat!
You block the goblin's attack.
You are too injured to fight recklessly!
You are too injured to fight recklessly!
You slash the goblin!
You kill the goblin!
* * * LOW HITPOINT WARNING * * *
You feel sick. You block the goblin's attack.
* * * LOW HITPOINT WARNING * * *
You feel sick.
The hobgoblin no longer looks unusually strong.
Items here: $ ) †††† Your shield and plate armour prevent you from hitting the goblin.
Your headbutt misses the goblin.
* * * LOW HITPOINT WARNING * * *
You feel sick. The goblin hits you with a dagger.
You die...

#.# #)# #.#
#.# ###.##
#....#
#....########
#...........#
###########@#
#g# #g# #..
..#< ..#>#
.... # ...#
....#


You could see a hobgoblin and a goblin.

Vanquished Creatures
  Robin (D:2)
  2 adders (D:2)
  2 worms (D:2)
  2 dart slugs (D:1)
  2 leopard geckos
  4 bats
  A giant cockroach (D:1)
  9 goblins (D:2)
  3 hobgoblins
  3 jackals (D:1)
  A quokka (D:2)
  2 frilled lizards
  3 kobolds
  4 rats
39 creatures vanquished.

Notes
Turn   | Place    | Note
-------+----------+-------------------------------------------
     0 | D:1      | McKennaii the Minotaur Fighter began the quest for the Orb.
     0 | D:1      | Reached XP level 1. HP: 19/19 MP: 0/0
    89 | D:1      | Reached XP level 2. HP: 23/27 MP: 1/1
   793 | D:2      | Reached XP level 3. HP: 25/33 MP: 2/2
  1075 | D:2      | Noticed Robin
  1098 | D:2      | Killed Robin
  1098 | D:2      | Reached XP level 4. HP: 17/40 MP: 3/3
  1102 | D:2      | HP: 1/40 [poisoned by Robin]
  1102 | D:2      | Slain by a goblin

Skill      XL: |  1  2  3 |
---------------+----------+-----
Fighting       | 4 |  4.3
Shields        | 4 |  4.4
Armour         | 4 |  4.2
Long Blades    | 3 |  3.3
Dodging        | |  0.7

Action                   |  1- 3 |  4- 6 || total
-------------------------+-------+-------++-------
Melee: Long sword        |   117 |     3 ||   120
       Headbutt          |    22 |       ||    22
Armor: Scale mail        |    13 |       ||    13
       Plate armour      |    60 |       ||    60
Dodge: Dodged            |    27 |     1 ||    28
Block: Shield            |    64 |     3 ||    67
       Rpst.: Long sword |     8 |       ||     8
